 Dungeon Crawl Stone Soup version 0.29-a0-6-ga859fcf985 (webtiles) character file.

Game seed: 11339658808018299791

286 Ijustatesigmund the Cudgeller (level 6, -4/40 HPs)
             Began as a Gargoyle Fighter on Jan 27, 2022.
             Slain by an orc warrior (11 damage)
             ... on level 4 of the Dungeon.
             The game lasted 00:05:37 (4247 turns).

Ijustatesigmund the Cudgeller (Gargoyle Fighter)    Turns: 4247, Time: 00:05:39

Health: -4/40      AC: 11    Str: 21    XL:     6   Next: 30%
Magic:  6/6        EV:  9    Int:  9    God:
Gold:   146        SH:  4    Dex:  9    Spells: 5/5 levels left

rFire   . . .      SeeInvis +   a - +1 flail
rCold   . . .      Faith    .   c - +0 buckler
rNeg    + . .      Spirit   .   b - +0 scale mail
rPois   ∞          Reflect  .   (no helmet)
rElec   +          Harm     .   (no cloak)
rCorr   .          Rampage  .   (no gloves)
Will    .....                   (no boots)
Stlth   ..........              (no amulet)
HPRegen 0.13/turn               i - ring of see invisible
MPRegen 0.10/turn               (no ring)

@: mighty
A: sickness immunity, AC +4, negative energy resistance 1, electricity
resistance, torment resistance 1, petrification resistance
a: no special abilities


You were on level 4 of the Dungeon.
You visited 1 branch of the dungeon, and saw 4 of its levels.

You collected 164 gold pieces.
You spent 18 gold pieces at shops.

Inventory:

Hand Weapons
 a - a +1 flail (weapon)
Armour
 b - a +0 scale mail (worn)
 c - a +0 buckler (worn)
Jewellery
 i - a ring of see invisible (left hand)
 k - an amulet of the acrobat
 l - a ring of protection from fire
Scrolls
 g - 2 scrolls of amnesia
 o - a scroll of immolation
Potions
 e - 2 potions of curing
 f - a potion of heal wounds
 h - a potion of attraction {unknown}
 j - 3 potions of degeneration {unknown}
 m - a potion of magic {unknown}
 n - a potion of lignification {unknown}


   Skills:
 + Level 5.0 Fighting
 * Level 5.4 Maces & Flails
 - Level 3.2 Armour
 - Level 3.2 Shields


You had 5 spell levels left.
You didn't know any spells.
Your spell library contained the following spells:

 Spells                   Type           Power      Damage    Failure   Level
 Apportation              Tloc           0%         N/A       82%         1
 Blink                    Tloc           0%         N/A       91%         2
 Ignite Poison            Fire/Tmut/Pois 0%         N/A       99%         3
 Mephitic Cloud           Conj/Pois/Air  0%         N/A       99%         3
 Alistair's Intoxication  Tmut/Pois      0%         N/A       100%        5
 Freezing Cloud           Conj/Ice/Air   0%         6-21      100%        5
 Manifold Assault         Tloc           0%         N/A       100%        5
 Storm Form               Tmut/Air       0%         N/A       100%        7


Dungeon Overview and Level Annotations

Branches:
Dungeon (4/15)
 Temple: D:4-7

Altars:
Hepliaklqana

Shops:
D:1 *   D:2 (

Annotations:
D:3 1 runed translucent door, flestrin's ghost, amateur OpVM


Innate Abilities, Weirdness & Mutations

You are immune to sickness and miasma.
Your stone body is resilient. (AC +4)
You are immune to poison.
You resist negative energy. (rN+)
You are resistant to electric shocks. (rElec)
You are resistant to unholy torment.
You are immune to petrification.


Message History

No target in view!
No target in view!
No target in view!
No target in view!
No target in view!
No target in view!
No target in view!
No target in view!
You start resting.
An orc warrior comes into view. It is wielding a +0 dire flail.
You feel very mighty all of a sudden.
The orc warrior shouts!
You feel better. The orc warrior barely misses you.
You hit the orc warrior.
The orc warrior is moderately wounded.
The orc warrior hits you with a +0 dire flail!
You barely miss the orc warrior.
The orc warrior is moderately wounded.
The orc warrior barely misses you.
An orc priest comes into view. It is wielding a +0 hand axe.
You barely miss the orc warrior.
The orc warrior is moderately wounded.
The orc priest shouts!
You hear a shout!
The orc warrior hits you with a +0 dire flail.
The orc priest casts a cantrip, but nothing happens.
You thump the orc warrior!
The orc warrior is heavily wounded.
The orc warrior hits you with a +0 dire flail!
The orc priest calls upon Beogh to heal the orc warrior.
The orc warrior is healed somewhat.
You hear a shout!
You completely miss the orc warrior.
The orc warrior is moderately wounded.
The orc warrior barely misses you.
The orc priest invokes the aid of Beogh against you.
Beogh smites you!
* * * LOW HITPOINT WARNING * * *
The orc warrior hits you with a +0 dire flail!
You die...

##.######.....#.##.........####.#
.## #..#.##.###.......## ##. .#
#.....#.# ##.....## ## .#
##.##.#.# ##...## # .# #.# .#.#
##'## # .# #.# .#.# ####.##### #
## .. ..###........# #
####o###....#.###.#
......o@.#.....##.#
.###.##.†#......#.#
#..#.....##.######
#..#..#.###....>.. ..>...###
######## ##..(..# #.##### ..#


You could see an orc warrior and an orc priest.

Vanquished Creatures
  2 hounds (D:4)
  An orc priest (D:4)
  Natasha (twice) (D:2)
  Robin (D:2)
  5 adders
  An adder zombie (D:3)
  2 dart slugs (D:1)
  4 orcs (D:4)
  4 ball pythons
  4 bats
  4 endoplasms
  4 giant cockroaches
  12 goblins
  8 hobgoblins
  3 jackals (D:2)
  2 quokkas
  5 frilled lizards
  14 kobolds
  3 rats
81 creatures vanquished.

Vanquished Creatures (others)
  An adder skeleton (D:4)
  An endoplasm (D:4)
  16 fungi (D:4)
  68 plants (D:4)
86 creatures vanquished.

Grand Total: 167 creatures vanquished

Notes
Turn   | Place    | Note
-------+----------+-------------------------------------------
     0 | D:1      | Ijustatesigmund the Gargoyle Fighter began the quest for
                  | the Orb.
     0 | D:1      | Reached XP level 1. HP: 14/14 MP: 1/1
     5 | D:1      | Found Oneathrura's Assorted Antiques.
   195 | D:1      | Reached XP level 2. HP: 13/19 MP: 2/2
   545 | D:1      | Bought a scroll labelled HUHEKK MOL DIQI for 18 gold pieces
   828 | D:1      | Reached XP level 3. HP: 24/24 MP: 3/3
  1040 | D:2      | Found a faded altar of an unknown god.
  1084 | D:2      | Found Himmaz's Antique Weapon Boutique.
  1111 | D:2      | Noticed Robin
  1293 | D:2      | Killed Robin
  1294 | D:2      | Reached XP level 4. HP: 29/29 MP: 4/4
  1543 | D:2      | Noticed Natasha
  1556 | D:2      | Killed Natasha
  2121 | D:2      | Noticed Natasha
  2128 | D:2      | Killed Natasha
  2129 | D:2      | Reached XP level 5. HP: 28/34 MP: 5/5
  2197 | D:3      | Noticed flestrin's ghost (amateur OpVM)
  2197 | D:3      | Found a runed translucent door.
  3231 | D:4      | Reached skill level 5 in Maces & Flails
  3694 | D:4      | Noticed a kobold brigand
  3698 | D:4      | Reached XP level 6. HP: 40/40 MP: 6/6
  3842 | D:4      | Found a hazy altar of Hepliaklqana.
  4208 | D:4      | Reached skill level 5 in Fighting
  4239 | D:4      | Noticed an orc warrior
  4247 | D:4      | Slain by an orc warrior

Illustrated notes

Levels and vault maps discovered:
D:1:      saegor_arrival_simple_a, layout_loops_ring, serial_shops, shop_statue,
          minmay_misc_feat_room
D:2:      layout_loops_cross, serial_shops, nicolae_shop_advertising_works
          [nicolae_subvault_shop_adworks],
          hellmonk_ecumenical_altar_slurped_away, st_stairs_4, uniq_natasha,
          uniq_robin
D:3:      layout_basic, hellmonk_ghost_happy_afterlife
D:4:      kennysheep_kobold_camp, layout_loops_corners,
          mainiacjoe_overflow_boulevard, minmay_temple_entry_enclosed_plants,
          minmay_misc_feat_tower

Skill      XL: |  1  2  3  4  5  6 |
---------------+-------------------+-----
Maces & Flails | 3 4 5 |  5.4
Fighting       | 4 5 |  5.0
Armour         | |  3.2
Shields        | |  3.2

Action                   |  1- 3 |  4- 6 || total
-------------------------+-------+-------++-------
Melee: Flail             |    93 |   248 ||   341
  Use: Scroll            |     3 |     8 ||    11
       Potion            |       |     3 ||     3
Armor: Scale mail        |    44 |    91 ||   135
Dodge: Dodged            |    55 |    92 ||   147
Block: Buckler           |    18 |    39 ||    57

Table legend: (Time is in decaauts)
 A = Elapsed time spent in this place.
 B = Non-inter-level travel time spent in this place.
 C = Inter-level travel time spent in this place.
 D = Time resting spent in this place.
 E = Time spent auto-exploring this place.
 F = Levels seen in this place.
 G = Mean time per level.
                   A        B        C        D        E       F      G
               +--------+--------+--------+--------+--------+-----+--------+
         Total |   4336 |   4236 |    100 |    703 |   2702 |   4 | 1084.0 |
       Dungeon |   4336 |   4236 |    100 |    703 |   2702 |   4 | 1084.0 |
               +--------+--------+--------+--------+--------+-----+--------+

Top non-repeatable levels by time:
     D:3: 1354 daAuts
     D:4: 1064 daAuts
     D:1: 994 daAuts
     D:2: 923 daAuts
